[Event "Titled Tuesday Blitz August 09 Early 2022"]
[White "Skliarov, Viktor"]
[Black "Remolar Gallen, Jose"]
[WhiteFideId "14106736"]
[BlackFideId "2215187"]
[WhiteElo "2257"]
[BlackElo "2205"]
[Result "1-0"]
[Round "09"]
[TimeControl "180+1"]
[Date "2022.08.09"]
[WhiteClock "0:00:22"]
[BlackClock "0:00:03"]

1. e4 c5 2. Nf3 d6 3. d4 cxd4 4. Qxd4 a6 5. Be3 Nc6 6. Qd2 Nf6 7. Nc3 e6 8. O-O-O Be7 9. Bf4 e5 10. Bg5 Be6 11. Bxf6 Bxf6 12. Qxd6 Qb6 13. Qd2 Rd8 14. Bd3 O-O 15. Kb1 Rd7 16. Qe2 Bg4 17. h3 Nd4 18. Qe3 Bxf3 19. gxf3 Qd8 20. f4 exf4 21. Qxf4 Re8 22. Rhg1 Be5 23. Qg4 Ne6 24. Nd5 Rxd5 25. exd5 Qb6 26. b3 Nf4 27. Rde1 Qf6 28. Qf5 Qxf5 29. Bxf5 Nxd5 30. c4 Nf4 31. Rg4 g6 32. Rxf4 Kf8 33. Rfe4 1-0


[Site "https://www.chess.com"]

[Event "Titled Tuesday Blitz August 09 Early 2022"]
[White "Smietanska, Wiktoria"]
[Black "Jorquera, Marcelo"]
[WhiteFideId "21869359"]
[BlackFideId "3401197"]
[WhiteElo "1883"]
[BlackElo "2136"]
[Result "1-0"]
[Round "09"]
[TimeControl "180+1"]
[Date "2022.08.09"]
[WhiteClock "0:00:02"]
[BlackClock "0:00:01"]

1. c4 Nf6 2. Nc3 g6 3. g3 Bg7 4. Bg2 O-O 5. e4 d6 6. Nge2 c5 7. O-O Nc6 8. d3 Bd7 9. h3 Nd4 10. Be3 Ne8 11. f4 f5 12. Rb1 a5 13. a3 Bc6 14. b4 axb4 15. axb4 b6 16. bxc5 bxc5 17. Qd2 Nc7 18. Nd5 Nxe2+ 19. Qxe2 Ne6 20. exf5 Nd4 21. Bxd4 Bxd4+ 22. Kh1 Rf7 23. Qe6 Kg7 24. fxg6 hxg6 25. Rb6 Bd7 26. Qe4 Ra2 27. Rfb1 Bf5 28. Qf3 e6 29. Ne3 e5 30. Nxf5+ Rxf5 31. Rb7+ Kh6 32. Rb8 Qf6 33. Qb7 exf4 34. g4 Re5 35. Qc7 Rxg2 36. R8b7 Ree2 37. Qh7+ Kg5 38. Rg7 1-0


[Site "https://www.chess.com"]

[Event "Titled Tuesday Blitz August 09 Early 2022"]
[White "Sokolovsky, Yahli"]
[Black "Bilych, Olexiy"]
[WhiteFideId "2820242"]
[BlackFideId "14156504"]
[WhiteElo "1867"]
[BlackElo "2157"]
[Result "1-0"]
[Round "09"]
[TimeControl "180+1"]
[Date "2022.08.09"]
[WhiteClock "0:00:12"]
[BlackClock "0:00:06"]

1. b3 e5 2. Bb2 Nc6 3. e3 Nf6 4. Nf3 e4 5. Nd4 Nxd4 6. Bxd4 Be7 7. c4 O-O 8. Be2 b6 9. Nc3 Bb7 10. Qc2 c5 11. Bxf6 Bxf6 12. Rd1 Re8 13. O-O d5 14. cxd5 Bxd5 15. Bb5 Re7 16. d3 Bxc3 17. Qxc3 Qc7 18. dxe4 Bxe4 19. Qd2 h5 20. Qd6 h4 21. h3 a6 22. Qxc7 Rxc7 23. Be2 b5 24. Rd6 Bf5 25. Rc1 Be6 26. Bf3 Raa7 27. Bd5 Bxd5 28. Rxd5 c4 29. bxc4 bxc4 30. Rd4 c3 31. Rd3 Rab7 32. Rdxc3 Rxc3 33. Rxc3 Rb1+ 34. Kh2 Rb2 35. Ra3 Rxf2 36. Rxa6 Re2 37. Ra3 Re1 38. Rb3 Ra1 39. Rb2 g5 40. Re2 Kg7 41. g3 hxg3+ 42. Kxg3 f5 43. Rb2 Kg6 44. h4 g4 45. Rb6+ Kh5 46. Rf6 Rf1 47. a4 Rf3+ 48. Kg2 Kxh4 49. a5 Kg5 50. Re6 Rh3 51. a6 Rh7 52. Re5 Ra7 53. Ra5 Kh4 54. Kh2 g3+ 55. Kg2 f4 56. Ra4 Kg5 57. exf4+ Kg4 58. Kg1 Kh3 59. f5 Rc7 60. Ra1 Rc2 61. a7 Rg2+ 62. Kf1 Rf2+ 63. Ke1 Rg2 64. a8=Q Rg1+ 65. Ke2 Rxa1 66. Qxa1 g2 67. Qg1 Kg3 68. f6 Kh3 69. f7 Kg3 70. f8=Q Kh4 71. Qh6+ Kg4 72. Qxg2+ Kf5 73. Qgg5+ Ke4 74. Qhh4# 1-0


[Site "https://www.chess.com"]

[Event "Titled Tuesday Blitz August 09 Early 2022"]
[White "Srihari L R"]
[Black "Maiorov, Nikita"]
[WhiteFideId "46617116"]
[BlackFideId "13501720"]
[WhiteElo "2170"]
[BlackElo "2409"]
[Result "1-0"]
[Round "09"]
[TimeControl "180+1"]
[Date "2022.08.09"]
[WhiteClock "0:00:21"]
[BlackClock "0:00:13"]

1. c4 e6 2. Nc3 d5 3. d4 Nf6 4. Bg5 Be7 5. e3 O-O 6. Qc2 Nbd7 7. cxd5 exd5 8. Bd3 c6 9. Nge2 Re8 10. O-O Nf8 11. f3 Be6 12. Rae1 Rc8 13. e4 dxe4 14. fxe4 Ng4 15. Bxe7 Rxe7 16. Qd2 c5 17. d5 Bd7 18. d6 Re6 19. Bc4 Ne5 20. Bxe6 Bxe6 21. Nf4 Bc4 22. Rf2 Rc6 23. Rd1 Ba6 24. b3 Kh8 25. h3 b5 26. Qd5 Nfd7 27. a4 bxa4 28. Nxa4 h6 29. Nb2 Qg5 30. Nbd3 Nxd3 31. Rxd3 Qxd5 32. Rxd5 Rb6 33. Nd3 Bb7 34. Rxf7 Bxd5 35. Rxd7 Bxe4 36. Nxc5 Bf5 37. Rd8+ Kh7 38. d7 Rb5 39. Rh8+ Kxh8 40. d8=Q+ Kh7 41. Qd5 Bg6 42. Qc4 Rb6 43. Kh2 Rc6 44. Qb5 Rb6 45. Qa5 Rd6 46. Qxa7 1-0


[Site "https://www.chess.com"]

[Event "Titled Tuesday Blitz August 09 Early 2022"]
[White "Szpar, Milosz"]
[Black "Omelja, Artem"]
[WhiteFideId "1184989"]
[BlackFideId "14119846"]
[WhiteElo "2422"]
[BlackElo "2382"]
[Result "1-0"]
[Round "09"]
[TimeControl "180+1"]
[Date "2022.08.09"]
[WhiteClock "0:01:36"]
[BlackClock "0:00:02"]

1. e4 c5 2. Nf3 e6 3. d4 cxd4 4. Nxd4 a6 5. Nc3 b5 6. Bd3 Bb7 7. O-O Nc6 8. Nxc6 Bxc6 9. f4 Bc5+ 10. Kh1 Nf6 11. e5 Nd5 12. Ne4 Be7 13. f5 Qc7 14. f6 gxf6 15. exf6 Bf8 16. Qh5 Nb4 17. Ng5 d6 18. Nxe6 Qb7 19. Ng7+ Kd8 20. Rf2 Nxd3 21. cxd3 d5 22. Bf4 Bc5 23. Re2 Bd4 24. Be5 Bc5 25. Rae1 Rc8 26. Bg3 Bb4 27. Rf1 d4 28. Qe5 1-0


[Site "https://www.chess.com"]

[Event "Titled Tuesday Blitz August 09 Early 2022"]
[White "Tica, Sven"]
[Black "Mardov, Dimitar"]
[WhiteFideId "14526948"]
[BlackFideId "30919495"]
[WhiteElo "2350"]
[BlackElo "2185"]
[Result "0-1"]
[Round "09"]
[TimeControl "180+1"]
[Date "2022.08.09"]
[WhiteClock "0:00:16"]
[BlackClock "0:00:57"]

1. e4 e5 2. f4 exf4 3. Nf3 Nf6 4. e5 Nh5 5. d4 Be7 6. Bd3 d6 7. Qe2 O-O 8. Nc3 Nc6 9. d5 Nb4 10. Be4 Bg4 11. a3 Na6 12. b4 dxe5 13. Qc4 Bd6 14. O-O f5 15. h3 fxe4 16. hxg4 exf3 17. gxh5 fxg2 18. Kxg2 Qg5+ 19. Kf2 Qg3+ 20. Ke2 f3+ 21. Kd1 e4 22. Be3 Rae8 23. Nxe4 Qe5 24. Nxd6 cxd6 25. Re1 Qxa1+ 0-1


[Site "https://www.chess.com"]

[Event "Titled Tuesday Blitz August 09 Early 2022"]
[White "Toncheva, Nadya"]
[Black "Hoffmann, Asa"]
[WhiteFideId "2924056"]
[BlackFideId "2001470"]
[WhiteElo "1888"]
[BlackElo "2117"]
[Result "0-1"]
[Round "09"]
[TimeControl "180+1"]
[Date "2022.08.09"]
[WhiteClock "0:00:02"]
[BlackClock "0:00:18"]

1. d4 Nf6 2. c4 c5 3. d5 e5 4. Nc3 d6 5. e4 Be7 6. Bd3 Nbd7 7. Nge2 Nf8 8. O-O Ng6 9. f3 Nh5 10. Be3 Bg5 11. Qd2 Bxe3+ 12. Qxe3 Nhf4 13. Nxf4 Nxf4 14. Kh1 a6 15. Bc2 O-O 16. Rae1 Bd7 17. Ne2 Qf6 18. Nxf4 exf4 19. Qc1 b5 20. cxb5 axb5 21. a3 b4 22. axb4 cxb4 23. Bd3 Rfc8 24. Qd2 Qd4 25. e5 dxe5 26. Re4 Qxd5 27. Rxb4 Bf5 28. Rb3 Rd8 29. Rc3 Bxd3 30. Rd1 e4 31. Qxf4 exf3 32. gxf3 g5 33. Qe3 Qd4 34. Qxg5+ Qg7 35. Qxg7+ Kxg7 36. Rcxd3 Rxd3 37. Rxd3 Rb8 38. Rd2 f5 39. Kg2 Kf6 40. Kg3 h5 41. Re2 Rb3 42. Kf4 h4 43. h3 Rb4+ 44. Ke3 Kg5 45. Rg2+ Kf6 46. Kd3 Ke5 47. Kc3 Rf4 48. Re2+ Kd5 49. Re3 Ra4 50. Rd3+ Ke5 51. b3 Ra1 52. Kb4 Kf4 53. Kc5 Rb1 54. b4 Kg3 55. b5 f4 56. b6 Kxh3 57. Rd4 Kg3 58. Rb4 Rc1+ 59. Kd4 Rc8 60. b7 Rb8 61. Kc5 h3 62. Kc6 h2 63. Rb1 Kxf3 64. Kc7 Rxb7+ 65. Kxb7 Kg3 66. Kc6 f3 67. Kd5 f2 68. Ke4 Kg2 69. Kf4 f1=Q+ 70. Rxf1 Kxf1 71. Kg3 0-1


[Site "https://www.chess.com"]

[Event "Titled Tuesday Blitz August 09 Early 2022"]
[White "Tuleyeva-Aketayeva, Dana"]
[Black "Clawitter, Craig"]
[WhiteFideId "13701932"]
[BlackFideId "2023105"]
[WhiteElo "1849"]
[BlackElo "2202"]
[Result "1-0"]
[Round "09"]
[TimeControl "180+1"]
[Date "2022.08.09"]
[WhiteClock "0:00:41"]
[BlackClock "0:00:01"]

1. d4 e6 2. Nf3 Nf6 3. c4 d5 4. g3 Be7 5. Bg2 O-O 6. O-O dxc4 7. Ne5 Nc6 8. Bxc6 bxc6 9. Nxc6 Qe8 10. Nxe7+ Qxe7 11. Qa4 e5 12. dxe5 Qxe5 13. Qxc4 Be6 14. Qc2 Bf5 15. Qc3 Qxe2 16. Qe3 Qh5 17. Qg5 Qh3 18. Qh4 Qxh4 19. gxh4 Rad8 20. Nc3 Rfe8 21. Be3 Ne4 22. Bxa7 Nxc3 23. bxc3 Re4 24. Rfd1 Rde8 25. Be3 Rxh4 26. Kf1 Rxh2 27. a4 Bg4 28. Kg1 Rh3 29. Kg2 h5 30. Rh1 1-0


[Site "https://www.chess.com"]

[Event "Titled Tuesday Blitz August 09 Early 2022"]
[White "Vakhlamov, Igor L."]
[Black "Hosseinzadeh, Nima"]
[WhiteFideId "24126748"]
[BlackFideId "12505323"]
[WhiteElo "2401"]
[BlackElo "2045"]
[Result "0-1"]
[Round "09"]
[TimeControl "180+1"]
[Date "2022.08.09"]
[WhiteClock "0:00:05"]
[BlackClock "0:00:06"]

1. e4 e5 2. Nf3 Nc6 3. Nc3 Nf6 4. Bb5 Nd4 5. Nxd4 exd4 6. e5 dxc3 7. exf6 Qxf6 8. dxc3 Bc5 9. O-O O-O 10. a4 c6 11. Bd3 d5 12. Qh5 g6 13. Qh6 Re8 14. Bg5 Qg7 15. Qh4 f5 16. Rae1 Bd7 17. c4 Be6 18. cxd5 Bxd5 19. b4 Bd4 20. c4 Bf7 21. h3 Bc3 22. Rb1 Qd4 23. Rfd1 Qxh4 24. Bxh4 Kg7 25. a5 h6 26. Bg3 Rad8 27. c5 a6 28. Bd6 Be5 29. Bxe5+ Rxe5 30. Bc2 Red5 31. Rxd5 Rxd5 32. Kf1 Kf6 33. Ke2 Ke5 34. g3 Kd4 35. f4 Kc3 36. Bd1 Rd2+ 37. Ke1 Rh2 38. h4 Bc4 39. Bf3 Kd3 40. Rc1 Bd5 41. Bxd5 cxd5 42. Rd1+ Ke3 43. Kf1 Rh1+ 44. Kg2 Rxd1 45. c6 bxc6 46. b5 cxb5 0-1


[Site "https://www.chess.com"]

[Event "Titled Tuesday Blitz August 09 Early 2022"]
[White "Vasques, Antonio Pedro Freixial"]
[Black "Hartikainen, Jarmo"]
[WhiteFideId "1908332"]
[BlackFideId "503134"]
[WhiteElo "2243"]
[BlackElo "2130"]
[Result "1-0"]
[Round "09"]
[TimeControl "180+1"]
[Date "2022.08.09"]
[WhiteClock "0:01:13"]
[BlackClock "0:00:21"]

1. e4 c5 2. Nf3 d6 3. d4 cxd4 4. Nxd4 Nf6 5. Nc3 g6 6. Be3 Bg7 7. f3 Nc6 8. Qd2 O-O 9. O-O-O Bd7 10. h4 h5 11. Kb1 Ne5 12. Bg5 Rc8 13. g4 hxg4 14. h5 Nxh5 15. Rxh5 gxh5 16. Nd5 f6 17. Bh6 Nf7 18. Bxg7 Kxg7 19. Nf5+ Bxf5 20. exf5 Ne5 21. Nf4 Rh8 22. Ne6+ 1-0


[Site "https://www.chess.com"]

[Event "Titled Tuesday Blitz August 09 Early 2022"]
[White "Vazquez Espino, Uriel"]
[Black "Baches Garcia, Guillermo"]
[WhiteFideId "5119138"]
[BlackFideId "2209764"]
[WhiteElo "2384"]
[BlackElo "2496"]
[Result "1-0"]
[Round "09"]
[TimeControl "180+1"]
[Date "2022.08.09"]
[WhiteClock "0:00:25"]
[BlackClock "0:00:38"]

1. c4 Nf6 2. Nc3 e5 3. g3 d5 4. cxd5 Nxd5 5. Bg2 Nb6 6. d3 Be7 7. Nf3 Nc6 8. O-O O-O 9. a3 Re8 10. b4 Bf8 11. Bb2 a5 12. b5 Nd4 13. Nxd4 exd4 14. Ne4 a4 15. Rb1 Ra5 16. Bc1 Be6 17. Bd2 Ra8 18. Qc1 Bb3 19. Re1 Nd5 20. Nc5 Bxc5 21. Qxc5 b6 22. Qxd4 Rb8 23. Rxb3 axb3 24. Qxd5 b2 25. Qb3 Qd4 26. Bc3 Rxe2 27. Rxe2 Qxc3 28. Qxc3 b1=Q+ 29. Re1 Qxb5 30. Bc6 Qf5 31. Qc4 h5 32. Re7 Rd8 33. Qe4 Qc5 34. Re8+ Rxe8 35. Qxe8+ Kh7 36. Be4+ Kh6 37. Qxf7 1-0


[Site "https://www.chess.com"]

[Event "Titled Tuesday Blitz August 09 Early 2022"]
[White "Veiga, Jose Francisco R P Neves"]
[Black "Vlassov, Nikolai"]
[WhiteFideId "1930087"]
[BlackFideId "4103360"]
[WhiteElo "2273"]
[BlackElo "2324"]
[Result "1/2-1/2"]
[Round "09"]
[TimeControl "180+1"]
[Date "2022.08.09"]
[WhiteClock "0:00:12"]
[BlackClock "0:00:24"]

1. d4 Nf6 2. Nf3 e6 3. Bf4 c5 4. e3 b6 5. Nbd2 Bb7 6. Bd3 Be7 7. c3 h6 8. h3 d6 9. O-O g5 10. Bh2 g4 11. hxg4 Nxg4 12. Bg3 h5 13. e4 Nd7 14. a4 a6 15. Nc4 Nf8 16. Qb3 h4 17. Bf4 Ng6 18. Bd2 h3 19. Qxb6 hxg2 20. Kxg2 Rb8 21. Qxd8+ Kxd8 22. Rh1 Rg8 23. Rh7 d5 24. exd5 Bxd5 25. Ne3 Nxe3+ 26. fxe3 Nf8+ 27. Kf2 Nxh7 28. Bxh7 Rh8 29. Bd3 Rxb2 30. e4 Bb7 31. Rb1 Rxb1 32. Bxb1 cxd4 33. cxd4 f6 34. Bd3 Kd7 35. Ke3 Rh1 36. Be1 Bf8 37. Ke2 Bc6 38. Bxa6 Bxe4 39. Bb5+ Kc8 40. Bg3 Bh6 41. Nd2 Bd5 42. Nc4 Ra1 43. Nd6+ Kc7 44. Nf7+ Kb6 45. Nxh6 Bc6 46. Ng4 Ra3 47. Bxc6 Kxc6 48. Bf2 f5 49. Ne3 Rxa4 50. Kd3 Ra3+ 51. Ke2 f4 52. Nc4 Rc3 53. Ne5+ Kd5 54. Nd3 Ke4 55. Nc5+ Kf5 56. Nd3 Rc2+ 57. Kf3 Rc3 58. Ke2 Ra3 59. Be1 Ke4 60. Nf2+ Kxd4 61. Bd2 Ra2 62. Nd3 e5 63. Nb4 e4 64. Nxa2 e3 65. Be1 Ke4 66. Nc3+ Kd4 67. Kf3 Ke5 68. Ne2 Kf5 69. Nxf4 e2 70. Ke3 Kg4 71. Nxe2 Kh3 72. Kf3 Kh2 73. Bg3+ Kh1 74. Bf2 Kh2 75. Be3 Kh1 76. Ng3+ Kh2 77. Bd4 Kh3 78. Bg1 Kh4 79. Ne4 Kh5 80. Kf4 Kg6 81. Bc5 Kf7 82. Kf5 Ke8 83. Ke6 Kd8 84. Bb6+ Kc8 85. Nc5 Kb8 86. Kd6 Ka8 87. Kc6 Kb8 88. Nb7 Ka8 89. Bc5 Kb8 90. Na5 Ka8 91. Nc4 Kb8 92. Nd6 Ka8 93. Nb5 Kb8 94. Nc7 Kc8 95. Ba7 Kd8 96. Nd5 Ke8 97. Kd6 Kf7 98. Ke5 Kg6 99. Ne7+ Kg5 100. Be3+ Kg4 101. Ke4 Kh3 102. Nf5 Kg2 103. Nd4 Kh1 104. Kf3 Kh2 105. Ne2 Kh1 106. Ng3+ Kh2 107. Bd4 Kh3 108. Bg1 Kh4 109. Ne4 Kh5 110. Kf4 Kg6 111. Ng5 Kf6 112. Bc5 Kg6 113. Bd4 Kh5 114. Kf5 Kh4 115. Bf2+ Kh5 116. Ne6 Kh6 117. Be3+ Kh5 118. Bf2 Kh6 119. Bg3 Kh5 120. Ng7+ Kh6 121. Kf6 1/2-1/2


[Site "https://www.chess.com"]

[Event "Titled Tuesday Blitz August 09 Early 2022"]
[White "Vifleemskaia, Svetlana"]
[Black "Lebedev, Artem S."]
[WhiteFideId "4129490"]
[BlackFideId "34272747"]
[WhiteElo "1929"]
[BlackElo "1699"]
[Result "0-1"]
[Round "09"]
[TimeControl "180+1"]
[Date "2022.08.09"]
[WhiteClock "0:00:01"]
[BlackClock "0:00:04"]

1. d4 d5 2. c4 e6 3. Nc3 Nf6 4. cxd5 exd5 5. Bg5 Be7 6. e3 O-O 7. Bd3 c6 8. Nge2 Ne8 9. Bf4 Nd6 10. O-O Nd7 11. Qc2 Nf6 12. h3 b6 13. Be5 h6 14. a4 c5 15. dxc5 bxc5 16. Bxf6 Bxf6 17. Nxd5 Be6 18. Nxf6+ Qxf6 19. Qxc5 Nb7 20. Qd4 Qe7 21. Qe4 g6 22. Nd4 Nc5 23. Qf4 Nxd3 24. Qxh6 Nxb2 25. h4 Qf6 26. h5 Qg7 27. Qg5 gxh5 28. Qxh5 Nd3 29. Rab1 Rfd8 30. Qh4 Ne5 31. Qf4 Bd5 32. f3 Be6 33. Rfd1 Rab8 34. Kf2 Rdc8 35. Kg1 Rxb1 36. Rxb1 Nc4 37. Qe4 Nd2 38. Qb7 Nxb1 39. Qxb1 Qh6 40. Qe4 Rc1+ 41. Kf2 Rc8 42. Nxe6 fxe6 43. Qe5 Rc2+ 44. Kg3 Qg7+ 45. Kh4 Qxe5 0-1


[Site "https://www.chess.com"]

[Event "Titled Tuesday Blitz August 09 Early 2022"]
[White "Von Buelow, Georg"]
[Black "Palencia Morales, Wilson Guillermo"]
[WhiteFideId "4620658"]
[BlackFideId "4401859"]
[WhiteElo "1976"]
[BlackElo "2098"]
[Result "0-1"]
[Round "09"]
[TimeControl "180+1"]
[Date "2022.08.09"]
[WhiteClock "0:00:51"]
[BlackClock "0:02:22"]

1. e4 c5 2. Nf3 d6 3. d4 cxd4 4. Nxd4 Nf6 5. Nc3 g6 6. Be3 Bg7 7. f3 O-O 8. Qd2 Nc6 9. O-O-O Nxd4 10. Bxd4 Be6 11. Kb1 Qc7 12. h4 Rfc8 13. h5 Qa5 14. hxg6 fxg6 15. a3 Bf7 16. g4 Rab8 17. g5 Nh5 18. Bxg7 Kxg7 19. Qh2 Rxc3 20. bxc3 Qxa3 21. c4 b5 22. c5 0-1


[Site "https://www.chess.com"]

[Event "Titled Tuesday Blitz August 09 Early 2022"]
[White "Weetik, Vjacheslav"]
[Black "Makarian, Rudik"]
[WhiteFideId "4153472"]
[BlackFideId "44105681"]
[WhiteElo "2469"]
[BlackElo "2403"]
[Result "0-1"]
[Round "09"]
[TimeControl "180+1"]
[Date "2022.08.09"]
[WhiteClock "0:00:02"]
[BlackClock "0:00:15"]

1. d4 Nf6 2. c4 g6 3. Nc3 Bg7 4. e4 d6 5. Nf3 O-O 6. Be2 c5 7. O-O Nc6 8. d5 Na5 9. h3 e5 10. Bg5 h6 11. Bh4 Qe8 12. a3 b6 13. b4 Nb7 14. Ne1 Nh7 15. Nd3 f5 16. f3 f4 17. Qa4 Bd7 18. Qa6 Qc8 19. Rfc1 h5 20. Bd1 g5 21. Bf2 Rf7 22. Ba4 Bxh3 23. Bc6 g4 24. Ra2 Ng5 25. Bh4 Bxg2 26. Bxg5 Bxf3 27. Rh2 g3 28. Rh4 Rb8 29. Rf1 Bg4 30. Nb5 Be2 31. Bxb7 Rfxb7 32. Nxd6 Qd7 33. Nxb7 Bxd3 0-1


[Site "https://www.chess.com"]

[Event "Titled Tuesday Blitz August 09 Early 2022"]
[White "White, John S."]
[Black "Shapiro, Daniel"]
[WhiteFideId "2502348"]
[BlackFideId "2001780"]
[WhiteElo "2006"]
[BlackElo "2246"]
[Result "0-1"]
[Round "09"]
[TimeControl "180+1"]
[Date "2022.08.09"]
[WhiteClock "0:00:05"]
[BlackClock "0:00:46"]

1. e4 c5 2. Nf3 e6 3. d3 Nc6 4. g3 g6 5. Bg2 Bg7 6. O-O Nge7 7. Nbd2 e5 8. Re1 d6 9. Nf1 O-O 10. Bg5 f6 11. Be3 Be6 12. Qc1 Qd7 13. Bh6 d5 14. Bxg7 Kxg7 15. h4 h6 16. Ne3 Rac8 17. h5 g5 18. Nh2 f5 19. exd5 Nxd5 20. Nxd5 Bxd5 21. Qe3 b6 22. Nf3 Rce8 23. a3 f4 24. Qe2 g4 25. Nh2 f3 26. Nxf3 gxf3 27. Qe3 fxg2 28. c4 Bf3 29. Rac1 Qg4 0-1


[Site "https://www.chess.com"]

[Event "Titled Tuesday Blitz August 09 Early 2022"]
[White "Xu, Yi"]
[Black "Martinez Alcantara, Jose Eduardo"]
[WhiteFideId "8605564"]
[BlackFideId "3805662"]
[WhiteElo "2471"]
[BlackElo "2703"]
[Result "0-1"]
[Round "09"]
[TimeControl "180+1"]
[Date "2022.08.09"]
[WhiteClock "0:00:01"]
[BlackClock "0:00:13"]

1. e4 Nc6 2. Nf3 d6 3. d4 Nf6 4. Nc3 g6 5. h3 Bg7 6. Be3 a6 7. d5 Nb8 8. Be2 O-O 9. O-O Nbd7 10. Re1 c6 11. Bf1 Qc7 12. a4 a5 13. Qd2 Nc5 14. Bxc5 dxc5 15. dxc6 bxc6 16. e5 Nd5 17. Ne4 Qb6 18. c4 Nc7 19. b3 Ne6 20. Qe3 Rb8 21. Ned2 Rd8 22. Rad1 Nd4 23. Nxd4 cxd4 24. Qg3 c5 25. Bd3 Bb7 26. f4 e6 27. h4 h5 28. Kh2 Rd7 29. Rb1 Qd8 30. Qh3 Bh6 31. g3 Bc6 32. Rf1 Rdb7 33. g4 hxg4 34. Qxg4 Kh8 35. h5 f5 36. exf6 Qxf6 37. hxg6 Kg7 38. Kg3 e5 39. f5 Bxd2 40. Rh1 Bf4+ 41. Kf2 Be3+ 42. Ke2 Rh8 43. Rh7+ Kg8 44. Rxb7 Bxb7 45. Be4 Rh2+ 46. Kd1 Rh4 47. Bd5+ Bxd5 0-1


[Site "https://www.chess.com"]

[Event "Titled Tuesday Blitz August 09 Early 2022"]
[White "Yedidia, Daniel"]
[Black "Harsh Suresh"]
[WhiteFideId "30905907"]
[BlackFideId "45018464"]
[WhiteElo "2546"]
[BlackElo "2070"]
[Result "0-1"]
[Round "09"]
[TimeControl "180+1"]
[Date "2022.08.09"]
[WhiteClock "0:00:01"]
[BlackClock "0:00:07"]

1. d4 Nf6 2. c4 e6 3. Nc3 Bb4 4. e3 O-O 5. Bd3 c5 6. Ne2 Nc6 7. dxc5 Bxc5 8. a3 a5 9. O-O d5 10. b3 Bd6 11. Bb2 Ne5 12. cxd5 exd5 13. Bc2 Bg4 14. Qd2 Rc8 15. Nb5 Bb8 16. f3 Bh5 17. Rac1 Qb6 18. a4 Qe6 19. Nf4 Qd7 20. Nxh5 Nxh5 21. g4 Nf6 22. Bf5 Rxc1 23. Qxc1 Qe7 24. Ba3 Qd8 25. Bxf8 Qxf8 26. Qc8 Nc6 27. Qxb7 Qe8 28. Re1 g6 29. Bd3 d4 30. Nc7 Bxc7 31. Qxc7 Nd5 32. Qb7 Ncb4 33. e4 Nxd3 34. Rd1 N5f4 35. Qb5 Ne5 36. Rxd4 Nxf3+ 0-1


[Site "https://www.chess.com"]

[Event "Titled Tuesday Blitz August 09 Early 2022"]
[White "Zaichenko, Daria"]
[Black "Eynullayev, Atilla"]
[WhiteFideId "4197453"]
[BlackFideId "13413570"]
[WhiteElo "2039"]
[BlackElo "1936"]
[Result "0-1"]
[Round "09"]
[TimeControl "180+1"]
[Date "2022.08.09"]
[WhiteClock "0:01:48"]
[BlackClock "0:02:29"]

1. e4 c5 2. Nf3 d6 3. d4 cxd4 4. Nxd4 Nf6 5. Nc3 a6 6. Be2 e5 7. Nb3 Be7 8. Be3 Be6 9. O-O O-O 10. f3 Nbd7 11. Nd5 Bxd5 12. exd5 Rc8 13. c4 Ne8 14. f4 exf4 15. Bxf4 Ne5 16. Bxe5 dxe5 17. Bd3 g6 18. Qe2 Bd6 19. Nd2 f5 20. g4 e4 21. Bc2 Qg5 22. h3 Nf6 23. Kh1 fxg4 24. Rg1 Qh4 25. Qe3 Nxd5 26. cxd5 Rf3 27. Nxf3 Qxh3+ 28. Nh2 Qxh2# 0-1


[Site "https://www.chess.com"]

[Event "Titled Tuesday Blitz August 09 Early 2022"]
[White "Zamorano, Jorge"]
[Black "Jeet, Jain"]
[WhiteFideId "173770"]
[BlackFideId "5073022"]
[WhiteElo "2331"]
[BlackElo "2055"]
[Result "0-1"]
[Round "09"]
[TimeControl "180+1"]
[Date "2022.08.09"]
[WhiteClock "0:00:03"]
[BlackClock "0:00:16"]

1. e4 d5 2. exd5 Nf6 3. d4 Bg4 4. Be2 Bxe2 5. Qxe2 Qxd5 6. Nf3 Nc6 7. c4 Qf5 8. Nc3 e6 9. d5 Nb4 10. O-O O-O-O 11. Ng5 exd5 12. Nxf7 Re8 13. Qd1 Rg8 14. cxd5 Nfxd5 15. Nxd5 Nxd5 16. Ng5 Bd6 17. Qh5 Kb8 18. Qxh7 Qxh7 19. Nxh7 Rh8 20. Ng5 Bxh2+ 21. Kh1 Rh5 22. Nh3 Bf4 23. Rd1 Bd6 24. Bd2 Re2 25. Kg1 c6 26. Kf1 Re6 27. Re1 Rf6 28. Re8+ Kc7 29. Rae1 Bc5 30. R1e2 Rhf5 31. R8e6 Rf7 32. R6e5 R5f6 33. Re6 Rxe6 34. Rxe6 Kd7 35. Re2 b5 36. f3 Bb6 37. Ng5 Rf5 38. g4 Rf8 39. Kg2 a5 40. Ne4 Nf4+ 41. Bxf4 Rxf4 42. Rd2+ Kc7 43. Ng3 Rf7 44. Re2 a4 45. Re6 Bd4 46. b3 a3 47. Nf5 Bf6 48. f4 Rd7 49. Kf3 Rd2 50. Re2 Rd1 51. g5 Bb2 52. Re7+ Kb6 53. Nxg7 Ra1 54. Ne6 Rxa2 55. g6 Ra1 56. Re8 Kb7 57. Ra8 Kxa8 0-1


[Site "https://www.chess.com"]

[Event "Titled Tuesday Blitz August 09 Early 2022"]
[White "Zenin, Dmitry"]
[Black "Bolourchifard, Farzad"]
[WhiteFideId "4127897"]
[BlackFideId "12510084"]
[WhiteElo "2215"]
[BlackElo "2317"]
[Result "0-1"]
[Round "09"]
[TimeControl "180+1"]
[Date "2022.08.09"]
[WhiteClock "0:00:03"]
[BlackClock "0:00:19"]

1. c4 e5 2. Nc3 Nc6 3. g3 g6 4. Bg2 Bg7 5. e4 d6 6. Nge2 Nge7 7. d3 Be6 8. h3 Qd7 9. Nd5 Nd8 10. Bg5 Ng8 11. Qd2 c6 12. Ndc3 f6 13. Be3 Ne7 14. h4 Nf7 15. h5 Bg4 16. f3 Be6 17. b3 g5 18. d4 Qc7 19. Bh3 Bxh3 20. Rxh3 h6 21. g4 O-O 22. Rd1 a6 23. c5 dxc5 24. dxc5 Rfd8 25. Qc2 Rxd1+ 26. Nxd1 Nd8 27. Qc4+ Kf8 28. Kf2 Qd7 29. Rh1 Ne6 30. Ndc3 Rd8 31. Rd1 Qc8 32. Rd6 Kf7 33. Na4 b5 34. Qxe6+ Qxe6 35. Rxe6 Kxe6 36. Nb6 Nc8 37. Nc3 Bf8 38. Ke2 Nxb6 39. cxb6 Kd7 40. a4 Bb4 41. Na2 c5 42. axb5 axb5 43. Nxb4 cxb4 44. Bc5 Rb8 45. Be3 Kc6 46. Kd3 Ra8 47. Ke2 Ra3 0-1


[Site "https://www.chess.com"]

[Event "Titled Tuesday Blitz August 09 Early 2022"]
[White "Zhigalko, Sergei"]
[Black "Wagner, Dennis"]
[WhiteFideId "13502956"]
[BlackFideId "24650684"]
[WhiteElo "2662"]
[BlackElo "2355"]
[Result "1-0"]
[Round "09"]
[TimeControl "180+1"]
[Date "2022.08.09"]
[WhiteClock "0:00:10"]
[BlackClock "0:00:19"]

1. e4 e5 2. Nf3 Nc6 3. Bb5 a6 4. Ba4 Nf6 5. O-O Nxe4 6. d4 b5 7. Bb3 d5 8. dxe5 Be6 9. Nbd2 Be7 10. c3 O-O 11. Bc2 f5 12. Nb3 Qd7 13. Nbd4 Nxd4 14. Nxd4 c5 15. Nxe6 Qxe6 16. f3 Ng5 17. a4 Rad8 18. Kh1 f4 19. axb5 axb5 20. Ra7 Rf7 21. Re1 c4 22. Qd4 Qc6 23. e6 Nxe6 24. Qe5 Bf6 25. Bxh7+ Kf8 26. Rxf7+ Kxf7 27. Qh5+ Ke7 28. Bf5 Ra8 29. Bxf4 Ra1 30. Rxa1 Nxf4 31. Qg4 g5 32. g3 Nd3 33. Bxd3 cxd3 34. Ra7+ Kd6 35. Qf5 Kc5 36. Qxd3 Qe6 37. Ra1 g4 38. Rd1 gxf3 39. Qxf3 d4 40. cxd4+ Bxd4 41. b4+ Kc4 42. Qd3+ Kxb4 43. Qxd4+ Kb3 44. Qd3+ Kb4 45. Qd2+ Kc5 46. Qd4+ Kc6 47. Rc1+ Kb7 48. Qf2 b4 49. Qg2+ Kb6 50. h3 b3 51. Rb1 Kb5 52. Kh2 Kb4 53. Qf3 Qc4 54. Rxb3+ Qxb3 55. Qxb3+ Kxb3 56. g4 Kc4 57. Kg3 Kd5 58. h4 Ke6 59. Kf4 Kf6 60. g5+ Kg6 61. Kg4 Kg7 62. h5 Kh7 63. Kf5 Kg7 64. g6 1-0


[Site "https://www.chess.com"]